 Dungeon Crawl Stone Soup version 0.31-a0-845-g9abc20d24f (webtiles) character file.

Game seed: 15201137964490075624

364 Flugkiller the Cutter (level 6, 0/33 HPs)
             Began as a Vine Stalker Gladiator on Oct 1, 2023.
             Was a Follower of Uskayaw.
             Succumbed to a kobold brigand's curare-tipped dart
             ... in a sewer.
             The game lasted 00:02:43 (2081 turns).

Flugkiller the Cutter (Vine Stalker Gladiator)      Turns: 2081, Time: 00:02:44

Health: 0/33       AC:  8    Str: 14 (17) XL:     6   Next: 67%
Magic:  2/7        EV: 13    Int:  7 (8)  God:    Uskayaw [*.....]
Gold:   138        SH:  0    Dex: 17 (20) Spells: 5/5 levels left

rFire   . . .        a - +0 rapier
rCold   . . .        (no shield)
rNeg    . . .        b - +0 leather armour
rPois   .            c - +0 helmet
rElec   +            (no cloak)
rCorr   +            (no gloves)
SInv    .            (no boots)
Will    .....        (no amulet)
Stlth   +            t - ring of Accord {rElec rCorr AC+4 Dex+3}
HPRegen 1.05/turn    (no ring)
MPRegen 0.10/turn

%: guardian spirit
@: lethally poisoned (0 -> -13), slowed, very slow
A: fangs 2, regeneration 1, magic shield, antimagic bite, no potion heal 2
a: Renounce Religion, Stomp


You were in a sewer.
You worshipped Uskayaw.
Uskayaw was noncommittal.
You visited 1 branch of the dungeon, and saw 3 of its levels.
You also visited: Sewer.

You collected 138 gold pieces.

Inventory:

Hand Weapons
 a - a +0 rapier (weapon)
 h - a +2 dagger of protection
   (You took it off an orc priest on level 3 of the Dungeon)
Missiles
 d - 3 throwing nets (quivered)
 e - a javelin
Armour
 b - a +0 leather armour (worn)
 c - a +0 helmet (worn)
Jewellery
 t - the ring of Accord (left hand) {rElec rCorr AC+4 Dex+3}
   (You found it on level 3 of the Dungeon)

   [ring of protection]

   AC+4:      It affects your AC (+4).
   Dex+3:     It affects your dexterity (+3).
   rElec:     It insulates you from electricity.
   rCorr:     It protects you from acid and corrosion.
Talismans
 i - a maw talisman
   (You found it on level 1 of the Dungeon)
Scrolls
 f - a scroll of teleportation {unknown}
 k - a scroll of butterflies {unknown}
 l - a scroll of silence {unknown}
 m - a scroll of amnesia {unknown}
 n - a scroll of enchant weapon {unknown}
 o - a scroll of acquirement
 r - 2 scrolls of identify
 u - a scroll of fear {unknown}
Potions
 j - a potion of haste {unknown}
 p - a potion of brilliance {unknown}
 s - a potion of degeneration
 w - a potion of heal wounds


   Skills:
 + Level 3.9 Fighting
 + Level 4.3 Short Blades
 - Level 1.7 Throwing
 + Level 3.9 Dodging
 + Level 0.3 Invocations


You had 5 spell levels left.
You didn't know any spells.
Your spell library contained the following spells:

 Spells                   Type           Power      Damage    Failure   Level
 Poisonous Vapours        Pois/Air       0%         N/A       65%         2
 Mephitic Cloud           Conj/Pois/Air  0%         N/A       87%         3
 Freezing Cloud           Conj/Ice/Air   0%         6-21      100%        5


Dungeon Overview and Level Annotations

Branches:
Dungeon (3/15) Zot: 15945   Sewer (1/1) Zot: 5960

Altars:
Dithmenos
Kikubaaqudgha
Nemelex Xobeh
Uskayaw


Innate Abilities, Weirdness & Mutations

You have extremely sharp teeth.
Your natural rate of healing is unusually fast.
When hurt, damage is shared between your health and your magic reserves.
Your bite disrupts and absorbs the magic of your enemies.
Potions cannot restore your health.


Message History

A rat comes into view.
You can no longer pass through a line of other dancers.
A kobold comes into view.
It is wielding a +0 dagger and quivering poisoned darts.
You hit the worm. You bite the worm. You drain its power.
The worm is heavily wounded.
You hit the worm.
The worm is heavily wounded.
Your unstable footing causes you to fumble your attack.
The worm bites you.
You hit the worm. You bite the worm.
You kill the worm!
You hit the rat.
You kill the rat!
You can now pass through a line of other dancers.
Your unstable footing causes you to fumble your attack.
Your unstable footing causes you to fumble your attack.
The kobold splashes around in the water.
Your unstable footing causes you to fumble your attack.
The kobold closely misses you.
You completely miss the kobold. You bite the kobold.
You kill the kobold!
You hear a splash. x2
No target in view!
No target in view!
No target in view!
No target in view!
No target in view!
No target in view!
Items here: ( ) ††.
Magic restored.
You enter the shallow water.
Moving in this stuff is going to be slow.
A rat comes into view.
A rat is nearby!
You enter the shallow water.
Moving in this stuff is going to be slow.
A rat comes into view.
A kobold comes into view. It is wielding a +0 short sword.
The kobold shouts!
The rat bites you but does no damage.
You closely miss the rat. You bite the rat. You drain its power.
The rat is moderately wounded.
The rat closely misses you.
You barely miss the rat. You bite the rat.
You kill the rat!
Your unstable footing causes you to fumble your attack.
A kobold brigand comes into view.
It is wielding a +0 dagger and quivering curare-tipped darts.
You hit the rat.
You kill the rat!
You barely miss the kobold. You bite the kobold. You drain its power.
The kobold is severely wounded.
You hit the kobold.
You kill the kobold!
You hear a splash.
The kobold brigand throws a curare-tipped dart.
The curare-tipped dart hits you.
You are poisoned.
You have difficulty breathing.
You feel yourself slow down.
The kobold brigand throws a curare-tipped dart.
The curare-tipped dart hits you.
You are more poisoned.
You have difficulty breathing.
You feel as though you will be slow longer.
Things that are here:
a +0 short sword; a kobold corpse You are too injured to fight recklessly!
You are too injured to fight recklessly!
You are too injured to fight recklessly!
You are too injured to fight recklessly!
You are too injured to fight recklessly!
You are too injured to fight recklessly!
You are too injured to fight recklessly!
There is a lethal amount of poison in your body!
You are too injured to fight recklessly!
Your system rejects the healing.
You feel better.
The kobold brigand throws a curare-tipped dart.
The curare-tipped dart closely misses you.
The kobold brigand throws a curare-tipped dart.
The curare-tipped dart hits you.
You are poisoned.
You have difficulty breathing.
You feel as though you will be slow longer.
As you read the scroll of fog, it dissolves into smoke.
You feel very sick.
Unknown command.
It was a potion of degeneration.
There was something very wrong with that liquid.
You feel weakened.
You feel dopey.
You feel clumsy.
You feel sick.
The kobold brigand throws a curare-tipped dart.
The curare-tipped dart hits you.
You are lethally poisoned!
You have difficulty breathing.
* * * LOW HITPOINT WARNING * * *
You feel as though you will be slow longer.
Okay, then.
Okay, then.
You hear a splash.
Something appears at your feet!
You die...

### ##### ##.~.
##..~##
#..~.§#####~....#
...K§K§@§§~.....#
#~...§#####..~~.#
##... ##~..## ##~
##)## # #~# #~#
##~## ##...##
#...∩.#


You could see a kobold brigand.

Vanquished Creatures
  Sigmund (D:3)
  2 orc priests (D:3)
  5 adders
  6 worms
  2 dart slugs
  3 orcs (D:3)
  8 ball pythons
  10 endoplasms
  A giant cockroach (D:2)
  8 hobgoblins
  7 jackals
  2 quokkas
  6 bats
  2 frilled lizards (D:2)
  A goblin (D:2)
  8 kobolds
  10 rats
82 creatures vanquished.

Notes
Turn   | Place    | Note
-------+----------+-------------------------------------------
     0 | D:1      | Flugkiller the Vine Stalker Gladiator began the quest for
                  | the Orb.
     0 | D:1      | Reached XP level 1. HP: 11/11 MP: 2/2
   147 | D:1      | Reached XP level 2. HP: 15/15 MP: 3/3
   219 | D:1      | Reached skill level 3 in Short Blades
   536 | D:1      | Reached XP level 3. HP: 18/18 MP: 2/4
   634 | D:2      | Found a shadowy altar of Dithmenos.
  1137 | D:2      | Reached XP level 4. HP: 22/23 MP: 5/5
  1692 | D:3      | Identified the ring of Accord {rElec rCorr AC+4 Dex+3}
  1705 | D:3      | Noticed Sigmund
  1761 | D:3      | Identified 2 scrolls of acquirement
  1797 | D:3      | Reached XP level 5. HP: 28/28 MP: 2/6
  1862 | D:3      | Killed Sigmund
  1863 | D:3      | Reached skill level 4 in Short Blades
  1863 | D:3      | Reached XP level 6. HP: 26/33 MP: 5/7
  1927 | D:3      | Found a hide-covered altar of Uskayaw.
  1928 | D:3      | Found an ancient bone altar of Kikubaaqudgha.
  1935 | D:3      | Became a worshipper of Uskayaw the Reveller
  1986 | D:3      | Reached * piety under Uskayaw
  2001 | D:3      | Found a sparkling altar of Nemelex Xobeh.
  2022 | D:3      | Found a glowing drain.
  2037 | D:3      | Reached ** piety under Uskayaw
  2047 | Sewer    | Entered a sewer
  2081 | Sewer    | Acquired 1128 gold pieces
  2081 | Sewer    | Succumbed to a kobold brigand's curare-tipped dart

Illustrated notes

Levels and vault maps discovered:
D:1:      minmay_arrival_hallway, layout_loops_ring
D:2:      layout_basic, basic_altar, kennysheep_minor_cross,
          minmay_snake_closets
D:3:      layout_basic, mainiacjoe_overflow_brackets,
          mainiacjoe_overflow_divided_tiny, portal_sewer_entry_a, uniq_sigmund
Sewer:    sewer_co_15_rooms

Skill      XL: |  1  2  3  4  5 |
---------------+----------------+-----
Fighting       | 2 3 |  3.9
Short Blades   | 3 4 |  4.3
Dodging        | 3 |  3.9
Throwing       | |  1.7
Invocations    | |  0.3

Action                     |  1- 3 |  4- 6 || total
---------------------------+-------+-------++-------
  Melee: Rapier            |    83 |   150 ||   233
         Bite              |    20 |    35 ||    55
         Punch             |       |     1 ||     1
    Use: Scroll            |       |     5 ||     5
         Potion            |       |     4 ||     4
   Stab: Sleeping          |     5 |     1 ||     6
 Armour: Leather armour    |    32 |    61 ||    93
  Dodge: Dodged            |    68 |    91 ||   159

Table legend: (Time is in decaauts)
 A = Elapsed time spent in this place.
 B = Non-inter-level travel time spent in this place.
 C = Inter-level travel time spent in this place.
 D = Time resting spent in this place.
 E = Time spent auto-exploring this place.
 F = Levels seen in this place.
 G = Mean time per level.
                   A        B        C        D        E       F      G
               +--------+--------+--------+--------+--------+-----+--------+
         Total |   2094 |   2013 |     81 |      4 |   1320 |   4 |  523.5 |
       Dungeon |   2054 |   1973 |     81 |      4 |   1314 |   3 |  684.7 |
         Sewer |     39 |     39 |      0 |      0 |      6 |   1 |   39.0 |
               +--------+--------+--------+--------+--------+-----+--------+

Top non-repeatable levels by time:
     D:2: 1097 daAuts
     D:1: 631 daAuts
     D:3: 325 daAuts
   Sewer: 39 daAuts
